Map: Triton LE

Players

Reikeios - Winner!

  • Race: Terran Terran
  • Spawn Location: 11:00

Ratl

  • Race: Zerg Zerg
  • League: Silver
  • Spawn Location: 5:00

VOD

Have the link to the VOD?

Description

Time

  • Played on: Feb. 12, 2020, 11:54 a.m.
  • Length: 10:35
Show
View Real Time Build Order
Export as new Build Order

Reikeios Terran - Winner!

Build Orders: 2 Factory 

Get SALT Encoding   

  12  0:02  SCV  
  14  0:14  SCV  
  14  0:23  Supply Depot  
  14  0:30  SCV  
  15  0:36  Refinery  
  15  0:45  SCV  
  15  0:47  Barracks  
  16  0:57  SCV  
  17  1:09  SCV  
  18  1:21  SCV  
  19  1:33  SCV  
  19  1:35  Supply Depot  
  20  1:40  Reaper  
  20  1:45  SCV  
  22  1:54  Command Center  
  22  1:59  SCV  
  22  2:01  Refinery  
  23  2:10  Factory  
  23  2:14  SCV  
  24  2:31  Barracks Reactor  
  24  2:40  SCV  
  25  2:52  SCV  
  26  3:02  Factory  
  26  3:06  Factory Reactor  
  26  3:09  Marine x2  
  26  3:10  SCV  
  29  3:14  Orbital Command  
  29  3:22  SCV  
  30  3:34  SCV  
  31  3:47  SCV, Starport, Factory Tech Lab  
  32  3:49  Hellion x2  
  36  3:59  SCV  
  37  4:11  SCV  
  38  4:19  Hellion x2  
  38  4:23  SCV  
  43  4:25  Infernal Pre-Igniter  
  43  4:34  Viking  
  43  4:35  SCV  
  43  4:37  Fusion Core  
  46  4:44  Starport  
  46  4:48  Refinery  
  46  4:51  SCV, Hellion x2  
  51  4:54  Refinery  
  51  5:01  Supply Depot  
  51  5:03  SCV  
  52  5:11  Starport Tech Lab  
  52  5:15  SCV  
  53  5:24  Supply Depot  
  53  5:27  SCV  
  53  5:39  SCV  
  54  5:55  SCV  
  53  6:07  SCV  
  54  6:16  Supply Depot  
  54  6:17  Starport Tech Lab  
  54  6:19  SCV, Battlecruiser  
  54  6:23  Hellion x2  
  65  6:30  Armory  
  65  6:39  SCV  
  66  6:40  Supply Depot  
  66  6:44  Hellion  
  66  6:45  Hellion  
  70  6:47  Siege Tank  
  70  6:51  Battlecruiser  
  70  6:52  SCV  
  80  7:03  Supply Depot  
  80  7:04  SCV  
  81  7:09  Hellion x2  
  83  7:16  SCV  
  83  7:19  Siege Tank  
  87  7:26  Supply Depot  
  87  7:27  Battlecruiser  
  87  7:28  SCV  
  94  7:44  Terran Ship Weapons Level 1  
  94  7:50  Supply Depot  
  94  7:56  Battlecruiser  
  100  8:00  Hellion x2  
  104  8:14  Supply Depot  
  94  8:36  Battlecruiser  
  94  8:37  Siege Tank  
  103  8:45  Supply Depot  
  103  8:50  Engineering Bay  
  103  9:08  Supply Depot  
  103  9:13  Battlecruiser  
Show
View Real Time Build Order
Export as new Build Order

Ratl Zerg 

Build Orders: Hatch First 

Get SALT Encoding   

  12  0:04  Drone  
  13  0:12  Overlord  
  13  0:18  Drone  
  14  0:30  Overlord  
  14  0:31  Drone  
  15  0:40  Drone  
  16  0:48  Drone  
  17  1:02  Drone  
  18  1:06  Hatchery  
  18  1:11  Drone  
  18  1:22  Spawning Pool  
  18  1:23  Drone  
  18  1:34  Drone  
  19  1:42  Extractor, Drone  
  20  1:54  Drone  
  20  2:03  Drone  
  21  2:13  Queen  
  23  2:16  Drone  
  23  2:21  Drone  
  25  2:29  Drone x2  
  27  2:34  Queen  
  27  2:36  Drone  
  30  2:41  Drone  
  31  2:48  Roach Warren  
  31  2:49  Drone  
  31  2:51  Drone  
  32  2:52  Evolution Chamber  
  32  2:58  Drone  
  32  3:05  Drone  
  33  3:09  Drone  
  33  3:10  Queen  
  36  3:16  Overlord  
  36  3:18  Overlord  
  36  3:33  Drone  
  36  3:35  Overlord x3  
  36  3:44  Drone  
  36  3:45  Drone x4  
  41  3:51  Drone x2  
  41  3:52  Overlord  
  41  3:54  Drone x2  
  45  3:59  Hatchery  
  44  4:05  Drone x2  
  46  4:10  Drone  
  46  4:11  Queen  
  46  4:15  Lair  
  46  4:16  Drone x2  
  50  4:27  Extractor, Drone x4  
  50  4:28  Extractor  
  52  4:34  Drone x3  
  52  4:35  Drone  
  56  4:43  Drone  
  57  5:05  Drone x2  
  57  5:06  Drone x2  
  61  5:11  Drone  
  61  5:12  Roach  
  61  5:13  Roach x2  
  68  5:26  Drone x4  
  70  5:40  Roach x5  
  76  5:51  Drone  
  76  5:52  Drone x2  
  76  5:56  Drone  
  80  6:03  Drone x5  
  85  6:10  Extractor x2  
  83  6:11  Drone x2  
  83  6:16  Roach x2  
  83  6:18  Overlord x3  
  89  6:33  Drone  
  89  6:36  Hatchery  
  89  6:57  Roach x2  
  89  6:58  Roach x6  
  89  6:59  Roach x3  
  112  7:15  Drone x2  
  112  7:16  Drone  
  112  7:17  Overlord x4  
  114  7:35  Drone x9  
  114  7:36  Drone x2  
  125  7:45  Drone x5  
  130  7:56  Spire  
  130  7:57  Drone x9  
  138  8:02  Extractor  
  138  8:03  Extractor  
  136  8:10  Roach x5  
  146  8:13  Roach x3  
  146  8:19  Overlord  
  152  8:20  Overlord x2  
  152  8:25  Hatchery  
  149  8:35  Roach  
  151  8:45  Hydralisk Den  
  150  8:48  Roach  
  150  8:49  Roach x12, Infestation Pit  
  175  9:06  Overlord x6  
  175  9:18  Drone  
  176  9:27  Hydralisk  
  176  9:28  Hydralisk x8  
  172  9:49  Drone x8  
  172  9:50  Drone x3  
  159  10:21  Spawning Pool  
Tags
 
League
Silver
Matchup
TvZ
Spawn Locations
Cross Positions
Add a new tag
Caveats
  • Supply blocks, unpowered buildings, or Contaminate may cause inaccurate times.
  • Supply counts are checked every 10 seconds.